 Dungeon Crawl Stone Soup version 0.29-a0-459-g97dee8cd24 (webtiles) character file.

Game seed: 15829607645684759685

26 hquester the Ruffian (level 2, 0/29 HPs)
             Began as a Troll Berserker on May 21, 2022.
             Was a Follower of Trog.
             Slain by a gnoll
             ... wielding a +0 halberd
              (12 damage)
             ... on level 2 of the Dungeon.
             The game lasted 00:04:46 (786 turns).

hquester the Ruffian (Troll Berserker)               Turns: 786, Time: 00:04:47

Health: 0/29       AC:  5    Str: 24    XL:     2   Next: 89%
Magic:  1/1        EV: 10    Int:  6    God:    Trog [*.....]
Gold:   77         SH:  0    Dex:  9    Spells: 1/1 levels left

rFire   . . .      SeeInvis .     - Unarmed
rCold   . . .      Faith    .   (no shield)
rNeg    . . .      Spirit   .   a - +0 animal skin
rPois   .          Reflect  .   k - +1 hat {Int+3}
rElec   .          Harm     .   (no cloak)
rCorr   .          Rampage  .   (gloves unavailable)
Will    .....                   (boots unavailable)
Stlth   +.........              (no amulet)
HPRegen 0.89/turn               (no ring)
MPRegen 0.07/turn               (no ring)

@: no status effects
A: large, unfitting armour, claws 3, regeneration 1, shaggy fur 1, tough skin 1
a: Renounce Religion, Berserk


You were on level 2 of the Dungeon.
You worshipped Trog.
Trog was aware of your devotion.
You visited 1 branch of the dungeon, and saw 2 of its levels.

You collected 77 gold pieces.

Inventory:

Hand Weapons
 j - a +0 mace
Armour
 a - a +0 animal skin (worn)
 k - a +1 hat of intelligence (worn)
Jewellery
 b - a +6 ring of dexterity
Scrolls
 c - 3 scrolls of magic mapping {unknown}
 d - 2 scrolls of teleportation {unknown}
 i - a scroll of identify {unknown}
 l - a scroll of fear {unknown}
 n - a scroll of vulnerability {unknown}
 q - a scroll of immolation {unknown}
Potions
 e - a potion of heal wounds {unknown}
 f - 2 potions of might {unknown}
 g - a potion of curing {unknown}
 h - a potion of flight {unknown}
 m - a potion of cancellation {unknown}
 o - a potion of invisibility {unknown}
 p - a potion of haste {unknown}


   Skills:
 * Level 2.7 Fighting
 + Level 0.3 Maces & Flails
 + Level 0.5 Armour
 + Level 2.7 Dodging
 + Level 3.2 Unarmed Combat


You had one spell level left.
You didn't know any spells.
Your spell library was empty.

Dungeon Overview and Level Annotations

Branches:
Dungeon (2/15)

Altars:


Innate Abilities, Weirdness & Mutations

You are too large for most types of armour.
You have claws for hands.
Your natural rate of healing is unusually fast.
You are covered in fur. (AC +1)
You have tough skin. (AC +1)


Message History

The ball python bites you but does no damage.
You claw the ball python!
You kill the ball python!
Trog accepts your kill.
A quokka is nearby!
Found 13 gold pieces and a fuming emerald potion.
You see here a ball python corpse.
The quokka bites you but does no damage.
You closely miss the quokka. The quokka barely misses you.
You scratch the quokka but do no damage.
The quokka bites you.
You scratch the quokka but do no damage.
The quokka misses you.
You barely miss the quokka. The quokka closely misses you.
You claw the quokka!
You kill the quokka!
Trog accepts your kill.
You now have 77 gold pieces (gained 13).
o - a fuming emerald potion
p - a coppery potion
There are no items here.
A gnoll comes into view. It is wielding a +0 halberd.
The gnoll shouts!
A gnoll comes into view. It is wielding a +0 spear.
The gnoll shouts!
A gnoll comes into view. It is wielding a +0 whip.
The gnoll moves out of view.
Found 23 stones.
The gnoll shouts!
You see here a scroll labelled BAKHLE LAILOTO.
q - a scroll labelled BAKHLE LAILOTO The gnoll hits you from afar with a +0 spear.
The gnoll hits you with a +0 spear. The gnoll closely misses you.
You barely miss the gnoll. The gnoll hits you with a +0 spear!
The gnoll hits you from afar with a +0 halberd.
You closely miss the gnoll. You claw the gnoll.
The gnoll is heavily wounded.
The gnoll hits you but does no damage.
The gnoll hits you from afar with a +0 halberd!
You die...

...........###........)......#
#...........>................#
#............................#
.......................[.......
...............................#
..............#.............#...
......).......###....<.......
..............####g..........#
#...............@gg......(....
##............#####..........##
#########.......#.........#...
#.##.##.#.............
#†##.........g........
##...####..............
#<†....................
#......................
#......................


You could see 3 gnolls.

Vanquished Creatures
  2 worms (D:2)
  2 endoplasms
  A goblin (D:2)
  A hobgoblin (D:2)
  3 kobolds
  3 quokkas
  4 ball pythons
  A bat (D:1)
  A frilled lizard (D:2)
  A rat (D:1)
19 creatures vanquished.

Notes
Turn   | Place    | Note
-------+----------+-------------------------------------------
     0 | D:1      | hquester the Troll Berserker began the quest for the Orb.
     0 | D:1      | Reached XP level 1. HP: 22/22 MP: 0/0
   557 | D:1      | Reached XP level 2. HP: 29/29 MP: 1/1
   786 | D:2      | Slain by a gnoll

Illustrated notes

Levels and vault maps discovered:
D:1:      dpeg_arrival_houses_and_road, layout_loops_cross,
          minmay_splitting_lines
D:2:      layout_rooms, uniq_sigmund

Action                   || total
-------------------------++-------
Melee: Unarmed           ||    53
       Punch             ||     1
Armor: Animal skin       ||    12
Dodge: Dodged            ||    25

Table legend: (Time is in decaauts)
 A = Elapsed time spent in this place.
 B = Non-inter-level travel time spent in this place.
 C = Inter-level travel time spent in this place.
 D = Time resting spent in this place.
 E = Time spent auto-exploring this place.
 F = Levels seen in this place.
 G = Mean time per level.
                   A        B        C        D        E       F      G
               +--------+--------+--------+--------+--------+-----+--------+
         Total |    782 |    751 |     31 |      0 |    577 |   2 |  391.0 |
       Dungeon |    782 |    751 |     31 |      0 |    577 |   2 |  391.0 |
               +--------+--------+--------+--------+--------+-----+--------+

Top non-repeatable levels by time:
     D:1: 640 daAuts
     D:2: 141 daAuts
